 Dungeon Crawl Stone Soup version 0.31-a0-4-gefa6de2278 (webtiles) character file.

Game seed: 9969623178522678912

52 garrulousMonolith the Shield-Bearer (level 3, -4/24 HPs)
             Began as a Gargoyle Fighter on May 3, 2023.
             Slain by an ogre
             ... wielding a +0 giant club
              (28 damage)
             ... on level 3 of the Dungeon.
             The game lasted 00:01:32 (1765 turns).

garrulousMonolith the Shield-Bearer (GrFi)          Turns: 1765, Time: 00:01:33

Health: -4/24      AC: 12    Str: 19    XL:     3   Next: 85%
Magic:  3/3        EV:  9    Int: 10    God:
Gold:   121        SH:  4    Dex:  9    Spells: 2/2 levels left

rFire   . . .        a - +0 flail
rCold   . . .        c - +0 buckler
rNeg    + . .        b - +0 scale mail
rPois   ∞            l - +0 helmet
rElec   +            (no cloak)
rCorr   .            (no gloves)
SInv    .            e - +0 pair of boots
Will    .....        (no amulet) Stlth
                     f - ring of flight
HPRegen 0.24/turn    (no ring)
MPRegen 0.08/turn

%: no passive effects
@: mighty, flying
A: sickness immunity, AC +3, negative energy resistance 1, electricity
resistance, torment resistance 1, petrification resistance
a: no special abilities


You were on level 3 of the Dungeon.
You visited 1 branch of the dungeon, and saw 3 of its levels.

You collected 121 gold pieces.

Inventory:

Hand Weapons
 a - a +0 flail (weapon)
Missiles
 h - 4 poisoned darts (quivered)
 u - 4 javelins
Armour
 b - a +0 scale mail (worn)
 c - a +0 buckler (worn)
 e - a +0 pair of boots (worn)
 l - a +0 helmet (worn)
Jewellery
 f - a ring of flight (left hand)
Scrolls
 g - 3 scrolls of vulnerability
 j - a scroll of fog {unknown}
 m - a scroll of amnesia {unknown}
 q - a scroll of teleportation {unknown}
 s - a scroll of silence {unknown}
Potions
 d - 2 potions of might
 i - a potion of haste {unknown}
 k - 2 potions of mutation {unknown}
 n - a potion of resistance {unknown}
 o - a potion of lignification {unknown}
 p - a potion of attraction {unknown}
 r - a potion of ambrosia {unknown}
 t - a potion of degeneration {unknown}


   Skills:
 + Level 3.8 Fighting
 + Level 2.5 Maces & Flails
 + Level 3.8 Armour
 + Level 3.8 Shields


You had 2 spell levels left.
You didn't know any spells.
Your spell library was empty.

Dungeon Overview and Level Annotations

Branches:
Dungeon (3/15)

Altars:


Innate Abilities, Weirdness & Mutations

You are immune to sickness and miasma.
Your stone body is resilient. (AC +3)
You are immune to poison.
You resist negative energy. (rN+)
You are resistant to electric shocks. (rElec)
You are resistant to unholy torment.
You are immune to petrification.


Message History

You completely miss the hobgoblin. The hobgoblin hits you.
The hobgoblin hits you but does no damage.
You barely miss the hobgoblin. The hobgoblin closely misses you.
You closely miss the hobgoblin. The hobgoblin barely misses you.
A hobgoblin is nearby!
A hobgoblin is nearby!
You hit the hobgoblin.
You kill the hobgoblin!
No target in view!
Okay, then.
A ball python comes into view.
The ball python hisses angrily.
There is an escape hatch in the ceiling here.
A ball python is nearby!
A ball python is nearby!
You thump the ball python!
You kill the ball python!
No target in view!
No target in view!
No target in view!
No target in view!
No target in view!
No target in view!
No target in view!
No target in view!
Found a stone staircase leading down.
There is a stone staircase leading down here.
There is a stone staircase leading down here.
An ogre comes into view. It is wielding a +0 giant club.
The ogre shouts!
An ogre is nearby!
You feel very mighty all of a sudden.
You sock the ogre!
The ogre is heavily wounded.
You block the ogre's attack.
You closely miss the ogre.
The ogre is heavily wounded.
The ogre hits you with a +0 giant club!!
Ouch! That really hurt!
You die...

.# #.# #.. .#
#.##### ####
.###.....#######
................
########.#######
#.# #.#
#.###############
#........@O......
#################


You could see an ogre.

Vanquished Creatures
  An adder (D:2)
  A worm (D:3)
  3 giant cockroaches
  5 goblins
  4 hobgoblins
  6 jackals
  2 kobolds
  2 quokkas
  4 ball pythons
  4 bats
  A frilled lizard (D:1)
  3 rats
36 creatures vanquished.

Notes
Turn   | Place    | Note
-------+----------+-------------------------------------------
     0 | D:1      | garrulousMonolith the Gargoyle Fighter began the quest for
                  | the Orb.
     0 | D:1      | Reached XP level 1. HP: 14/14 MP: 1/1
   134 | D:1      | Reached XP level 2. HP: 19/19 MP: 2/2
   317 | D:1      | Found a faded altar of an unknown god.
   976 | D:2      | Reached XP level 3. HP: 23/23 MP: 3/3
  1760 | D:3      | Noticed an ogre
  1765 | D:3      | Slain by an ogre

Illustrated notes

Levels and vault maps discovered:
D:1:      lemuel_arrival_rhombus, layout_basic, ebering_ecumenical_altar_ruins
D:2:      layout_basic
D:3:      layout_loops_ring, mainiacjoe_overflow_alcove_4,
          mainiacjoe_overflow_brackets

Action                     || total
---------------------------++-------
  Melee: Flail             ||   136
    Use: Scroll            ||     1
         Potion            ||     1
 Armour: Scale mail        ||    76
  Dodge: Dodged            ||    79
  Block: Buckler           ||    25

Table legend: (Time is in decaauts)
 A = Elapsed time spent in this place.
 B = Non-inter-level travel time spent in this place.
 C = Inter-level travel time spent in this place.
 D = Time resting spent in this place.
 E = Time spent auto-exploring this place.
 F = Levels seen in this place.
 G = Mean time per level.
                   A        B        C        D        E       F      G
               +--------+--------+--------+--------+--------+-----+--------+
         Total |   1810 |   1757 |     53 |     47 |   1340 |   3 |  603.3 |
       Dungeon |   1810 |   1757 |     53 |     47 |   1340 |   3 |  603.3 |
               +--------+--------+--------+--------+--------+-----+--------+

Top non-repeatable levels by time:
     D:2: 915 daAuts
     D:1: 646 daAuts
     D:3: 248 daAuts
